Construct Weapon Support Center
Construct Medical Station
Mechanized Support Center
Selects Special Operations Battlegroup
Selects M29 Weasel Recon Vehicle
Selects P-47 Anti-Infantry Loiter
Selects UNKNOWN (2162291)
P-47 Anti-Infantry Loiter
Designate Forward Repair Station
M4A1(76) Sherman Medium Tank
Designate Forward Repair Station
Selects SSF Commando Squad
Designate Forward Repair Station
Selects Air Re-supply Operation
Designate Forward Repair Station
M4A1(76) Sherman Medium Tank
P-47 Anti-Infantry Loiter
Designate Forward Repair Station